 Dungeon Crawl Stone Soup version 0.31.0-2-g5a2aebc5c2 (webtiles) character file.

Game seed: 16054808457669851778

3236 mainiacjoe the Toxicologist (level 9, -1/39 HPs)
             Began as a Spriggan Alchemist on Jan 20, 2024.
             Was a Priest of Fedhas.
             Slain by a two-headed ogre
             ... wielding a +0 giant club
              (18 damage)
             ... on level 9 of the Dungeon.
             The game lasted 00:35:57 (9016 turns).

mainiacjoe the Toxicologist (Spriggan Alchemist)    Turns: 9016, Time: 00:35:58

Health: -1/39      AC:  7    Str:  9    XL:     9   Next: 66%
Magic:  10/17      EV: 17    Int: 20    God:    Fedhas [***...]
Gold:   403        SH:  0    Dex: 16    Spells: 6/16 levels left

rFire   + . .        a - +2 demon whip "Jozyune" {pain, rPois rF+ Str+5}
rCold   . . .        o - orb {*channel}
rNeg    + . .        n - +2 robe {rN+}
rPois   +            (helmet restricted)
rElec   .            D - +2 cloak
rCorr   .            (gloves unavailable)
SInv    +            (boots unavailable)
Will    +....        (no amulet)
Stlth   ++           G - ring of wizardry
HPRegen 0.26/turn    (no ring)
MPRegen 0.15/turn

%: wizardry (x1), channel magic (20%)
@: very quick
A: very small, no large weapons, unfitting armour, see invisible, speed 3
a: Renounce Religion, Wall of Briars, Grow Ballistomycete


You were on level 9 of the Dungeon.
You worshipped Fedhas.
Fedhas was most pleased with you.
You visited 2 branches of the dungeon, and saw 10 of its levels.

You collected 502 gold pieces.
You spent 99 gold pieces at shops.

Inventory:

Hand Weapons
 a - the +2 demon whip "Jozyune" (weapon) {pain, rPois rF+ Str+5}
   (You took it off an orc priest on level 8 of the Dungeon)

   Str+5:     It affects your strength (+5).
   rF+:       It protects you from fire.
   rPois:     It protects you from poison
 b - a +0 sling
 w - a +4 dagger
 z - a +3 short sword of venom
Missiles
 c - 2 boomerangs
 e - 103 stones
 f - 2 curare-tipped darts {=F}
 j - 22 poisoned darts
 x - 3 throwing nets {=F}
Armour
 n - a +2 robe of positive energy (worn)
 o - an orb of energy (worn)
 D - a +2 cloak (worn)
Jewellery
 E - a ring of ice
 G - a ring of wizardry (left hand)
Wands
 p - a wand of paralysis (6)
 q - a wand of iceblast (4)
 s - a wand of flame (32)
Scrolls
 k - 3 scrolls of amnesia
 l - 3 scrolls of teleportation
 y - 2 scrolls of enchant armour
 B - a scroll of fog
Potions
 g - 3 potions of enlightenment
 i - a potion of magic
 m - 4 potions of attraction
 t - 3 potions of brilliance
 u - 2 potions of lignification
 v - 2 potions of might
 A - 3 potions of mutation
 H - a potion of resistance {unknown}


   Skills:
 - Level 2.6 Dodging
 - Level 3.0 Stealth
 - Level 4.0 Spellcasting
 - Level 1.0 Conjurations
 - Level 3.0 Air Magic
 - Level 10.0 Alchemy
 + Level 9.7 Invocations


You had 6 spell levels left.
You knew the following spells:

 Your Spells              Type           Power      Damage    Failure   Level
a - Sting                 Conj/Alch      100%       1d9       2%          1
b - Mercury Vapours       Alch/Air       60%        N/A       2%          2
c - Mephitic Cloud        Conj/Alch/Air  22%        N/A       7%          3
d - Olgreb's Toxic Radia  Alch           44%        N/A       3%          4

Your spell library contained the following spells:

 Spells                   Type           Power      Damage    Failure   Level
 Alistair's Intoxication  Alch           29%        N/A       7%          5
 Apportation              Tloc           8%         N/A       12%         1
 Slow                     Hex            16%        N/A       12%         1
 Momentum Strike          Conj/Tloc      12%        3d8       14%         2
 Sticky Flame             Fire/Alch      24%        2d6       14%         4
 Blink                    Tloc           8%         N/A       16%         2
 Jinxbite                 Hex            8%         N/A       16%         2
 Lesser Beckoning         Tloc           8%         N/A       16%         2
 Confusing Touch          Hex            4%         N/A       28%         3
 Sigil of Binding         Hex            4%         N/A       28%         3
 Vampiric Draining        Necr           4%         2d6       28%         3


Dungeon Overview and Level Annotations

Branches:
Dungeon (9/15)             Temple (1/1) D:6
   Lair: D:8-11         Orc: D:9-12

Altars:
Ashenzari
Cheibriados
Dithmenos
Elyvilon
Fedhas
Gozag
Hepliaklqana
Kikubaaqudgha
Okawaru
Qazlal
Ru
Sif Muna
Trog
Uskayaw
Vehumet
Wu Jian
Xom
Zin
The Shining One
Lugonu

Shops:
D:1 [

Annotations:
D:4 dig


Innate Abilities, Weirdness & Mutations

You are very small and have problems with some larger weapons.
You are too small for most types of armour.
You have supernaturally acute eyesight. (SInv)
You cover ground extremely quickly. (Speed+++)


Message History

The stinking cloud engulfs the howler monkey.
The howler monkey misses you.
The tengu conjurer is engulfed in noxious fumes.
The tengu conjurer hits the two-headed ogre.
The tengu conjurer pecks the two-headed ogre.
The tengu conjurer claws the two-headed ogre.
The two-headed ogre is engulfed in noxious fumes.
The two-headed ogre appears confused.
You catch the helpless tengu conjurer completely off-guard!
You whack the tengu conjurer!
The tengu conjurer is severely wounded.
The howler monkey closely misses you.
The tengu conjurer is engulfed in noxious fumes.
The tengu conjurer misses you. The tengu conjurer barely misses you.
The tengu conjurer completely misses you.
The two-headed ogre is engulfed in noxious fumes.
The two-headed ogre appears confused.
You whack the tengu conjurer!
The tengu conjurer is almost dead.
The howler monkey hoots and howls with incredible vigour!
The tengu conjurer is engulfed in noxious fumes.
The tengu conjurer hits the two-headed ogre.
The tengu conjurer barely misses the two-headed ogre.
The tengu conjurer claws the two-headed ogre.
The two-headed ogre is engulfed in noxious fumes.
The two-headed ogre appears confused.
The howler monkey closely misses you.
You hear a shout! x2; You hear an angry buzzing noise.
You hear an angry hiss.
You hear a bellow!
You hear a howl!
You hear an angry buzzing noise. x2
You barely miss the tengu conjurer.
The tengu conjurer is almost dead.
The tengu conjurer seems less confused.
The howler monkey completely misses you.
The tengu conjurer is engulfed in noxious fumes.
The tengu conjurer barely misses you. The tengu conjurer misses you.
The tengu conjurer closely misses you.
The two-headed ogre is engulfed in noxious fumes.
The two-headed ogre mumbles something.
The two-headed ogre hits you with a +0 giant club!!
You die...
Fedhas appreciates your contribution to the ecosystem.

.................###.....##
#.Q............####.#.###
#......###.#.......#.#
.O.#.# #.#..######.#
##.#.###....# #....##...##
####☼##)°.# #QO...##
#.@h#.# #.......#
........#.# ...?......#.#
####......... .........#.
..........##. ...#.......)


You could see a two-headed ogre (confused), a tengu conjurer (poisoned) and a
howler monkey.

Vanquished Creatures
  Jeremiah (D:6)
  A tengu conjurer (D:9)
  Sigmund (D:6)
  4 yaks (D:8)
  2 water moccasins
  An orc warrior (D:9)
  A black bear (D:7)
  An ogre (D:6)
  A centaur (D:7)
  Blork the orc (D:6)
  5 bullfrogs
  2 kobold brigands
  2 scorpions
  A howler monkey (D:5)
  2 hounds (D:5)
  6 orc priests
  A gnoll bouda (D:9)
  3 iguanas
  5 orc wizards
  6 adders
  9 gnolls
  A white imp (D:5)
  2 ufetubi
  2 ribbon worms (D:3)
  A dart slug (D:4)
  28 orcs
  9 endoplasms
  3 giant cockroaches
  5 hobgoblins
  2 jackals (D:4)
  4 quokkas
  4 ball pythons
  7 bats
  4 frilled lizards
  4 goblins
  21 kobolds
  5 rats
  A spectral orc (D:7)
159 creatures vanquished.

Notes
Turn   | Place    | Note
-------+----------+-------------------------------------------
     0 | D:1      | mainiacjoe the Spriggan Alchemist began the quest for the
                  | Orb.
     0 | D:1      | Reached XP level 1. HP: 9/9 MP: 5/5
   105 | D:1      | Reached skill level 1 in Conjurations
   291 | D:1      | Reached XP level 2. HP: 13/13 MP: 7/7
   294 | D:1      | Learned a level 2 spell: Mercury Vapours
   340 | D:1      | Found Zekang's Antique Armour Emporium.
   922 | D:2      | Reached XP level 3. HP: 16/16 MP: 9/9
  1132 | D:2      | Reached skill level 4 in Alchemy
  1141 | D:2      | Learned a level 3 spell: Mephitic Cloud
  1280 | D:2      | Found a faded altar of an unknown god.
  1489 | D:2      | Reached skill level 1 in Air Magic
  1789 | D:1      | Bought an embroidered robe for 99 gold pieces
  1980 | D:3      | Reached XP level 4. HP: 13/21 MP: 11/11
  2697 | D:3      | Found a blossoming altar of Fedhas.
  2820 | D:3      | Became a worshipper of Fedhas Madash
  2967 | D:4      | Identified the +3 scale mail "Kuan" {Rampage rPois rCorr
                  | Str-2}
  3000 | D:4      | Reached skill level 5 in Alchemy
  3291 | D:4      | Found an opulent altar of Gozag.
  3419 | D:4      | Noticed a scorpion
  3421 | D:4      | Reached skill level 1 in Invocations
  3421 | D:4      | Reached XP level 5. HP: 24/24 MP: 10/12
  3648 | D:4      | Reached skill level 6 in Alchemy
  3719 | D:4      | Reached XP level 6. HP: 28/28 MP: 10/13
  3724 | D:4      | Learned a level 4 spell: Olgreb's Toxic Radiance
  3808 | D:5      | Entered Level 5 of the Dungeon
  4172 | D:4      | Reached * piety under Fedhas
  4506 | D:5      | Reached skill level 7 in Alchemy
  4860 | D:6      | Noticed Sigmund
  4873 | D:6      | Killed Sigmund
  4874 | D:6      | Reached XP level 7. HP: 17/32 MP: 6/14
  4975 | D:6      | Noticed Jeremiah
  5275 | D:6      | Reached skill level 8 in Alchemy
  5279 | D:6      | Noticed Blork the orc
  5298 | D:6      | Killed Blork the orc
  5399 | D:6      | Found a staircase to the Ecumenical Temple.
  5409 | Temple   | Entered the Ecumenical Temple
  5457 | D:6      | Killed Jeremiah
  5457 | D:6      | Reached ** piety under Fedhas
  5458 | D:6      | Reached skill level 5 in Invocations
  5458 | D:6      | Reached XP level 8. HP: 36/36 MP: 2/15
  5604 | D:6      | Found a broken altar of Ashenzari.
  5651 | D:6      | Found a stormy altar of Qazlal.
  5682 | D:6      | Found a glowing golden altar of the Shining One.
  6390 | D:7      | Found a snail-covered altar of Cheibriados.
  6463 | D:7      | Found a hazy altar of Hepliaklqana.
  7426 | D:8      | Reached skill level 9 in Alchemy
  7802 | D:8      | Found a shimmering altar of Xom.
  7902 | D:8      | Identified the +2 demon whip "Jozyune" {pain, rPois rF+
                  | Str+5}
  7928 | D:8      | Reached XP level 9. HP: 28/39 MP: 5/16
  8135 | D:8      | Reached *** piety under Fedhas
  8169 | D:8      | Found a radiant altar of Vehumet.
  8477 | D:8      | Found a white marble altar of Elyvilon.
  8632 | D:8      | Reached skill level 10 in Alchemy
  8841 | D:9      | Found a hide-covered altar of Uskayaw.
  8842 | D:9      | Upgraded the game from 0.31.0 to 0.31.0-2-g5a2aebc5c2
  8961 | D:9      | Noticed a tengu conjurer
  8979 | D:9      | Noticed a tengu conjurer
  8999 | D:9      | Killed a tengu conjurer
  9008 | D:9      | Noticed a two-headed ogre
  9016 | D:9      | Slain by a two-headed ogre

Illustrated notes

Levels and vault maps discovered:
D:1:      minmay_arrival_stone_box, layout_basic, serial_shops,
          nicolae_shop_crystal
D:2:      layout_loops_ring, chequers_ecumenical_altar_simple,
          dreamdust_mushroom_princess, minmay_3d_cube
D:3:      layout_loops_cross, fedhas_altar_4, dk_vineyard_3
D:4:      layout_basic, kennysheep_mini_moat, due_unseen_surprise
D:5:      layout_loops_ring
D:6:      layout_basic, nicolae_overflow_hidden_temple, tso_metal_star,
          mainiacjoe_overflow_paths, minmay_temple_entry_drinking_statues,
          uniq_jeremiah, uniq_sigmund, uniq_blork_the_orc
D:7:      layout_basic, nicolae_hepliaklqana_monster_ancestors,
          cheibriados_altar_1
D:8:      layout_basic, mainiacjoe_overflow_chevrons, lemuel_round_altar,
          mainiacjoe_overflow_brackets, serial_corexii_hall,
          corexii_hall_statues_x, chequers_hall_statues_corner_a
D:9:      layout_rooms, yredelemnul_altar_generic, amcnicky_altar_gilded,
          lemuel_crystal_altar
Temple:   corrupted_temple

Skill      XL: |  1  2  3  4  5  6  7  8  9 |
---------------+----------------------------+-----
Spellcasting   | 3 4 |  4.0
Conjurations   | 1 |  1.0
Alchemy        | 4 5 6 7 8 9 10 | 10.0
Air Magic      | 1 3 |  3.0
Invocations    | 1 2 3 5 7 9 |  9.7
Dodging        | |  2.6
Stealth        | |  3.0

Action                     |  1- 3 |  4- 6 |  7- 9 || total
---------------------------+-------+-------+-------++-------
  Melee: Dagger            |       |     3 |       ||     3
         Short sword       |       |       |    31 ||    31
         Demon whip        |       |       |    34 ||    34
   Fire: Sling             |    78 |    85 |    49 ||   212
         Shortbow          |       |       |    90 ||    90
   Cast: Sting             |    27 |    68 |    76 ||   171
         Mercury Vapours   |     9 |    11 |    19 ||    39
         Mephitic Cloud    |       |     1 |    19 ||    20
         Olgreb's Toxic Ra |       |       |     8 ||     8
  Evoke: Wand              |       |     3 |     4 ||     7
    Use: Scroll            |     2 |     6 |    10 ||    18
         Potion            |       |       |     2 ||     2
   Stab: Sleeping          |       |       |     1 ||     1
         Confused          |       |       |     3 ||     3
 Armour: Robe              |    11 |    23 |    61 ||    95
  Dodge: Dodged            |    30 |    46 |   121 ||   197
         Form:             |     1 |       |       ||     1
         Maw               |     1 |       |       ||     1
